 Dungeon Crawl Stone Soup version 0.17-a0-1954-g0dddeaa (webtiles) character file.

206 valsik64 the Conjurer (level 5, -3/31 HPs)
             Began as an Octopode Wizard on Oct 3, 2015.
             Slain by a gnoll
             ... wielding a +0 whip
              (10 damage)
             ... on level 3 of the Dungeon.
             The game lasted 00:18:02 (4760 turns).

valsik64 the Conjurer (Octopode Wizard)             Turns: 4760, Time: 00:18:02

Health: -3/31      AC:  1    Str:  6    XL:     5   Next: 84%
Magic:  9/9        EV: 12    Int: 22    God:
Gold:   119        SH:  0    Dex: 10    Spells: 4 memorised, 1 level left

rFire  . . .     SeeInvis .     s - +0 blowgun
rCold  . . .     Clarity  .     (no shield)
rNeg   . . .     SustAt   +     a - +0 hat
rPois  .         Gourm    .     (no amulet)
rElec  .         Spirit   .     v - ring of sustain attributes
rCorr  .         Warding  .     (no ring)
rMut   .         Stasis   .     (no ring)
MR     .....                    (no ring)
Stlth  +++.......               (no ring)
                                (no ring)
                                (no ring)
                                (no ring)

@: not resistant to hostile enchantments, fairly stealthy
A: almost no armour, amphibious, 8 rings, constrict 8, camouflage 1, gelatinous
body 1
a: no special abilities


You were on level 3 of the Dungeon.
You were hungry.

You visited 1 branch of the dungeon, and saw 4 of its levels.
You also visited: Sewer.

You collected 119 gold pieces.

Inventory:

Hand weapons
 s - a +0 blowgun (weapon)
 w - a +2 short sword of venom
 x - a cursed -1 hand axe
 B - a +0 flail of protection
Missiles
 d - 24 arrows
 k - 158 stones
 r - 6 poisoned needles (quivered)
Armour
 a - a +0 hat (worn)
 l - a +0 large shield
Jewellery
 v - a ring of sustain attributes (left tentacle)
 y - an uncursed amulet of faith {unknown}
Scrolls
 e - a scroll of fog {unknown}
 g - a scroll of enchant armour {unknown}
 j - 2 scrolls of remove curse {unknown}
 m - a scroll of magic mapping {unknown}
 o - 2 scrolls of amnesia {unknown}
 p - a scroll of teleportation {unknown}
 q - 3 scrolls of enchant weapon
 A - a scroll of recharging {unknown}
 F - a scroll of identify
Potions
 f - a potion of brilliance
 i - 3 potions of heal wounds
 n - 5 potions of curing
 t - a potion of degeneration {unknown}
 u - 2 potions of flight {unknown}
 z - 2 potions of might {unknown}
 D - 2 potions of haste {unknown}
Books
 b - a book of Minor Magic

   Spells                             Type                      Level
   a - Magic Dart                     Conjuration                  1
   b - Blink                          Translocation                2
   c - Call Imp                       Summoning                    2
   d - Repel Missiles                 Charms/Air                   2
   e - Slow                           Hexes                        2
   f - Conjure Flame                  Conjuration/Fire             3
   g - Mephitic Cloud                 Conjuration/Poison/Air       3
Comestibles
 c - 2 bread rations
 h - a meat ration
 C - a beef jerky
 E - a chunk of flesh


   Skills:
 - Level 2.0 Dodging
 + Level 3.2 Stealth
 + Level 3.1 Spellcasting
 - Level 5.2 Conjurations
 - Level 1.0 Summonings
   Level 1.0 Translocations


You had one spell level left.
You knew the following spells:

 Your Spells              Type           Power        Failure   Level  Hunger
a - Magic Dart            Conj           ####         1%          1    None
b - Call Imp              Summ           #.......     14%         2    ##.....
c - Conjure Flame         Conj/Fire      ###.....     14%         3    ###....
d - Mephitic Cloud        Conj/Pois/Air  ##......     17%         3    ###....


Dungeon Overview and Level Annotations

Branches:
Dungeon (4/15)
 Temple: D:4-7

Altars:
Dithmenos
Elyvilon
Qazlal
The Shining One

Annotations:
D:4 soloincognito's ghost, average OpWz


Innate Abilities, Weirdness & Mutations

You cannot wear most types of armour.
You are amphibious.
You can wear up to eight rings at the same time.
You can use your tentacles to constrict eight enemies at once.
Your skin changes colour to match your surroundings (Stealth).
Your rubbery body absorbs attacks (AC +1).


Message History

Aim: a gnoll, wielding a whip (severely wounded)
You shoot a poisoned needle.
The poisoned needle closely misses the gnoll.
The gnoll closely misses you.
Firing (i - inventory. (,) - cycle):
r - 8 poisoned needles (quivered)
Press: ? - help, Shift-Dir - straight line, f/p - gnoll
Aim: a gnoll, wielding a whip (severely wounded)
You shoot a poisoned needle.
The poisoned needle closely misses the gnoll.
The gnoll hits you with a whip.
* * * LOW HITPOINT WARNING * * *
Some of the chunks of flesh in your inventory have rotted away.
Firing (i - inventory. (,) - cycle):
r - 7 poisoned needles (quivered)
Press: ? - help, Shift-Dir - straight line, f/p - gnoll
Aim: a gnoll, wielding a whip (severely wounded)
You shoot a poisoned needle. The poisoned needle hits the gnoll!
The gnoll is poisoned.
The gnoll is severely wounded.
The gnoll hits you with a whip!
You die...

######### #.#.........# ........#
####.#.........# #######.#
#....########.## #.# #>#..# ##'##
#.### #...## ##...# # ##...#
##.## ##..... ## ###.##.### #..##
##......
.###........#######...####.......
.'..............@g.....(.'.......
.###....#.#.######....####.......
## #.#.##.#.# #....# ##...... #
#.##...#.# ####.# ##.....
#.##.###.# #.# ##...# #........#
#.# ##'## ####.##### #.# #.# ###
#.# #.# #.# ..# #.# ##.## ##.##


You could see a gnoll.

Vanquished Creatures
  2 river rats (Sewer)
  2 adders (D:2)
  4 gnolls
  5 worms
  4 orcs
  6 giant cockroaches
  7 hobgoblins
  2 jackals (D:3)
  3 quokkas (D:2)
  A ball python (D:2)
  5 bats
  5 giant geckos
  3 giant newts (D:2)
  4 goblins
  11 kobolds
  6 rats
70 creatures vanquished.

Vanquished Creatures (collateral kills)
  A big kobold (Sewer)
1 creature vanquished.

Grand Total: 71 creatures vanquished

Notes
Turn   | Place    | Note
--------------------------------------------------------------
     0 | D:1      | valsik64 the Octopode Wizard began the quest for the Orb.
     0 | D:1      | Reached XP level 1. HP: 11/11 MP: 4/4
   726 | D:1      | Reached XP level 2. HP: 17/17 MP: 1/6
  1453 | D:2      | Reached XP level 3. HP: 21/21 MP: 3/7
  1891 | D:2      | Reached XP level 4. HP: 6/27 MP: 2/8
  2141 | D:2      | Learned a level 2 spell: Call Imp
  2364 | D:2      | Reached skill level 4 in Conjurations
  2678 | D:2      | Found a shadowy altar of Dithmenos.
  2889 | D:2      | Found a white marble altar of Elyvilon.
  3161 | D:3      | Found a glowing drain.
  3225 | Sewer    | Entered a sewer
  3235 | Sewer    | Reached XP level 5. HP: 12/31 MP: 0/9
  3462 | Sewer    | Noticed a big kobold
  3694 | Sewer    | Killed a big kobold
  3694 | Sewer    | Reached skill level 5 in Conjurations
  3753 | Sewer    | Found a white marble altar of Elyvilon.
  3837 | D:3      | Learned a level 3 spell: Conjure Flame
  3841 | D:3      | Learned a level 3 spell: Mephitic Cloud
  3903 | D:3      | Found a glowing golden altar of the Shining One.
  4106 | D:3      | Found a stormy altar of Qazlal.
  4676 | D:4      | Noticed a phantom
  4685 | D:4      | Noticed soloincognito's ghost (average OpWz)
  4760 | D:3      | Slain by a gnoll

Vault maps used:
D:1:      denvon_arrival_planthouse, nrook_mini_vaults
D:2:      grunt_dithmenos_smoke_and_mirrors, lemuel_coloured_pillars_altar,
          minmay_strange_pillars, dk_noncrumbling_2
D:3:      tso_oasis_becter, portal_sewer_entry_f,
          nicolae_qazlal_eye_of_the_storm
Sewer:    sewer_kobolds

Action                   |  1- 3 |  4- 6 || total
-------------------------+-------+-------++-------
Melee: Unarmed           |    29 |     8 ||    37
 Fire: Blowgun           |       |    20 ||    20
 Cast: Magic Dart        |    53 |    98 ||   151
       Call Imp          |       |     2 ||     2
  Use: Scroll            |     1 |     3 ||     4
 Stab: Sleeping          |       |    11 ||    11
  Eat: Chunk             |     3 |     8 ||    11
